 Dungeon Crawl Stone Soup version 0.30.1-11-g7821555f0a (webtiles) character file.

Game seed: 574897811046047639

30625 cowcol the Severer (level 13, -2/112 HPs)
             Began as a Minotaur Fighter on Dec 7, 2023.
             Was a High Priest of Okawaru.
             Slain by a wyvern (11 damage)
             ... on level 4 of the Lair of Beasts on Dec 8, 2023.
             The game lasted 01:12:26 (17244 turns).

cowcol the Severer (Minotaur Fighter)              Turns: 17244, Time: 01:12:28

Health: -2/112     AC: 24    Str: 23    XL:     13   Next: 21%
Magic:  13/13      EV:  7    Int:  7    God:    Okawaru [*****.]
Gold:   1760       SH:  0    Dex: 21    Spells: 12/12 levels left

rFire   . . .        z - +6 executioner's axe of Ypnem {flame, Dex+4}
rCold   . . .        (shield currently unavailable)
rNeg    . . .        G - +0 plate armour
rPois   .            m - +2 hat
rElec   .            X - +1 cloak {Stlth+}
rCorr   +            B - +0 pair of gloves
SInv    +            F - +0 pair of boots
Will    .....        T - amulet of regeneration Stlth
                     k - ring of resist corrosion
HPRegen 1.18/turn    t - +6 ring of dexterity
MPRegen 0.13/turn

%: no passive effects
@: hasted, studying Armour, very quick
A: horns 2, retaliatory headbutt, see invisible, low MP 1, inability to read
after injury 1
a: Renounce Religion, Heroism, Finesse, Duel


You were on level 4 of the Lair of Beasts.
You worshipped Okawaru.
Okawaru was extremely pleased with you.
You visited 3 branches of the dungeon, and saw 16 of its levels.
You also visited: Bailey.

You collected 2022 gold pieces.
You spent 262 gold pieces at shops.

Inventory:

Hand Weapons
 d - a +0 battleaxe
 g - a +9 broad axe
 o - a +2 flail of protection
 z - the +6 executioner's axe of Ypnem (weapon) {flame, Dex+4}
   (Okawaru gifted it to you on level 4 of the Lair of Beasts)

   Dex:       It affects your dexterity (+4).
Missiles
 y - 32 poisoned darts (quivered)
 D - 18 boomerangs
Armour
 c - a +0 buckler
 m - a +2 hat (worn)
 B - a +0 pair of gloves (worn)
 F - a +0 pair of boots (worn)
 G - a +0 plate armour (worn)
 K - a +8 chain mail of ponderousness
 L - a +2 ring mail of fire resistance
 S - the +1 scale mail "Bouquo" {rPois Str+2}
   (You found it on level 9 of the Dungeon)

   Str:       It affects your strength (+2).
   rPois:     It protects you from poison.
 X - a +1 cloak of stealth (worn)
Jewellery
 a - an amulet of guardian spirit
 b - a ring of protection from fire
 k - a ring of resist corrosion (left hand)
 r - a ring of see invisible
 t - a +6 ring of dexterity (right hand)
 O - a ring of flight
 T - an amulet of regeneration (around neck)
Wands
 n - a wand of mindburst (27)
 v - a wand of charming (12)
 P - a wand of iceblast (15)
 R - a wand of light (11)
 V - a wand of digging (4)
 Y - a wand of flame (23)
Scrolls
 f - 5 scrolls of immolation
 i - 4 scrolls of vulnerability
 p - 10 scrolls of identify
 q - 6 scrolls of teleportation
 u - 4 scrolls of fog
 w - 2 scrolls of butterflies
 x - 5 scrolls of fear
 A - a scroll of amnesia
 E - 3 scrolls of magic mapping
Potions
 e - a potion of degeneration {unknown}
 h - a potion of might
 j - 12 potions of curing
 l - a potion of berserk rage {unknown}
 s - 2 potions of lignification
 C - a potion of heal wounds {unknown}
 H - 2 potions of magic {unknown}
 I - a potion of invisibility {unknown}
 J - 2 potions of brilliance
 M - 4 potions of cancellation
 N - 2 potions of resistance {unknown}
 U - a potion of flight {unknown}
 W - a potion of haste
 Z - a potion of ambrosia {unknown}
Miscellaneous
 Q - a piece from Xom's chessboard (15/15)


   Skills:
 + Level 9.7 Fighting
 + Level 1.2(1.5) Short Blades
 + Level 1.3(1.7) Long Blades
 + Level 19.3 Axes
 - Level 2.0(12.8) Maces & Flails
 + Level 1.3(12.7) Polearms
 + Level 1.3(2.1) Staves
 + Level 1.3 Ranged Weapons
 * Level 2.1 Throwing
 - Level 14.0 Armour
 - Level 6.0 Shields
 - Level 0.6 Conjurations
 - Level 0.5 Hexes
 - Level 0.6 Summonings
 - Level 0.9 Necromancy
 - Level 0.7 Translocations
 - Level 1.1 Transmutations
 - Level 0.7 Fire Magic
 - Level 0.7 Ice Magic
 - Level 0.8 Air Magic
 - Level 1.0 Earth Magic
 - Level 1.0 Poison Magic
 + Level 4.3 Invocations
 - Level 2.0 Evocations


You had 12 spell levels left.
You didn't know any spells.
Your spell library contained the following spells:

 Spells                   Type           Power      Damage    Failure   Level
 Scorch                   Fire           2%         2d5       99%         2
 Inner Flame              Hex/Fire       0%         N/A       100%        3
 Flame Wave               Conj/Fire      0%         2d4       100%        4
 Sticky Flame             Conj/Fire      0%         2d3       100%        4
 Summon Cactus Giant      Summ           Unusable   N/A       N/A         6

Dungeon Overview and Level Annotations

Branches:
Dungeon (11/15)            Temple (1/1) D:5            Lair (4/5) D:11
 Shoals (0/4) Lair:2        Snake (0/4) Lair:3        Slime (0/5) Lair:4
    Orc (0/2) D:11         Bailey (visited)

Altars:
Ashenzari
Cheibriados
Dithmenos
Fedhas
Gozag
Hepliaklqana
Kikubaaqudgha
Makhleb
Nemelex Xobeh
Okawaru
Qazlal
Ru
Trog
Uskayaw
Vehumet
Wu Jian
Xom
Yredelemnul
Zin
The Shining One

Shops:
D:8 :   D:11 [

Annotations:
D:8 exclusion: orange crystal statue
Lair:1 exclusion: oklob plant


Innate Abilities, Weirdness & Mutations

You have a pair of horns on your head.
You reflexively headbutt those who attack you in melee.
You have supernaturally acute eyesight. (SInv)
Your magical capacity is low. (-10% MP)
You occasionally lose the ability to read scrolls when taking damage.


Message History

The wyvern bites you.
* * * LOW HITPOINT WARNING * * *
The wyvern bites you!
* * * LOW HITPOINT WARNING * * *
The rime drake bites you but does no damage.
You turn to flesh and can move again.
Okay, then.
Okay, then.
Okay, then.
You feel yourself speed up. The wyvern barely misses you.
The basilisk hisses menacingly.
The basilisk barely misses you. You furiously retaliate!
You headbutt the basilisk!
The seven-headed hydra barely misses you.
The seven-headed hydra bites you but does no damage. x3
The seven-headed hydra bites you!
* * * LOW HITPOINT WARNING * * *
The seven-headed hydra barely misses you.
The seven-headed hydra bites you but does no damage.
The hell rat bites you but does no damage.
The wyvern bites you.
* * * LOW HITPOINT WARNING * * *
The wyvern barely misses you. The wyvern closely misses you.
You furiously retaliate!
You headbutt the wyvern.
The rime drake bites you but does no damage.
A wyvern comes into view.
You completely miss the wyvern.
The wyvern hisses angrily.
You slice one of the seven-headed hydra's heads off!
The flame cauterises the wound!
You slash the six-headed hydra! You burn the six-headed hydra.
You hit the basilisk. You burn the basilisk. You hit the wyvern.
You burn the wyvern. You hit the rime drake. You burn the rime drake.
You slice the wyvern!! You burn the wyvern!
You kill the wyvern!
Okawaru accepts your kill.
You slice the hell rat!! You burn the hell rat.
You kill the hell rat!
Okawaru accepts your kill. The wyvern bites you!
You die...

*,,,,**,,,,****,,,,,,,,,,,,* *.
*,,,***,,,,**,*,,,,,,,,,,*** *.
**,,,**,,,,,,,,,,,,,,.....* *#
*,,,*,,,,,,,,,,,,,,,,,....* #
*,,,,,,,,****,****,,,*#..#* ####
*,,,,,,,,* **######***..# #.#.
**,,,****** ##..#.#####.######..
*,,**,,,.####.Dk........##.#P###
**,,,*,,,k.r.rHl@l..............#
*,,,,*,,,l###rrl††††............#
**,,,*,,r,* ##.r.###.###...†.....
**,,**,,,,* #.### ### #...######
*,,,,*,,,,* #.* *#..## #
**,,******* #.* #...# #
*,,,,,,,,** *#,** **#...# **#
*,,,,,,,,,***,,,*****..P..#****,#
**,,,,,,,,,,,,,,,,,,.......,,,,..


You could see a six-headed hydra, a manticore, a basilisk, 2 rime drakes, 3
wyverns and 5 hell rats.

Vanquished Creatures
  An orc warlord (Bailey)
  3 hydras
  A boulder beetle (Lair:4)
  Amaemon (D:9)
  An ugly thing (D:10)
  A black mamba (Lair:2)
  An orange demon (D:9)
  9 cane toads
  2 gargoyles
  Joseph (D:10)
  A torpor snail (Lair:3)
  5 rime drakes (Lair:4)
  A kobold demonologist (D:9)
  4 komodo dragons
  3 trolls
  2 polar bears
  Grinder (D:3)
  13 blink frogs
  7 dream sheep
  2 shadows
  4 slime creatures (D:11)
  2 wraiths
  16 yaks
  2 steam dragons
  11 wyverns
  Grum (D:11)
  3 basilisks
  4 vampire mosquitoes (D:11)
  Edmund (D:5)
  Menkaure (D:6)
  5 nagas (Lair:3)
  9 water moccasins
  3 ice beasts
  11 orc warriors
  A sky beast (D:7)
  13 wolves
  4 centaurs
  4 ogres
  2 phantoms
  5 kobold brigands
  13 bullfrogs
  3 gnoll sergeants
  5 scorpions
  A killer bee (D:10)
  4 howler monkeys
  5 jellies
  A gnoll bouda (D:2)
  11 hounds
  10 orc priests
  2 sleepcaps
  Ijyb (D:5)
  7 orc wizards
  4 iguanas
  A hell rat (Lair:4)
  24 gnolls
  10 adders
  A shadow imp (D:6)
  3 white imps
  3 dart slugs
  32 orcs
  6 bats
  10 endoplasms
  6 giant cockroaches
  16 goblins
  9 hobgoblins
  35 kobolds
  7 ball pythons
  3 frilled lizards
  8 rats
403 creatures vanquished.

Vanquished Creatures (others)
  A gnoll (D:10)
1 creature vanquished.

Grand Total: 404 creatures vanquished

Notes
Turn   | Place    | Note
-------+----------+-------------------------------------------
     0 | D:1      | cowcol the Minotaur Fighter began the quest for the Orb.
     0 | D:1      | Reached XP level 1. HP: 19/19 MP: 0/0
   347 | D:1      | Reached XP level 2. HP: 27/27 MP: 1/1
   594 | D:1      | Reached skill level 3 in Axes
   634 | D:1      | Reached XP level 3. HP: 33/33 MP: 2/2
  1724 | D:3      | Reached skill level 4 in Axes
  1724 | D:3      | Reached XP level 4. HP: 29/40 MP: 3/3
  1857 | D:3      | Reached skill level 5 in Axes
  2035 | D:3      | Found a hazy altar of Hepliaklqana.
  2055 | D:3      | Reached XP level 5. HP: 36/46 MP: 4/4
  2344 | D:3      | Noticed Grinder
  2359 | D:3      | Paralysed by Grinder for 5 turns
  2371 | D:3      | Paralysed by Grinder for 5 turns
  2377 | D:3      | Killed Grinder
  2378 | D:3      | Reached skill level 6 in Axes
  2378 | D:3      | Reached skill level 5 in Armour
  2378 | D:3      | Reached XP level 6. HP: 24/52 MP: 5/5
  3558 | D:4      | Reached skill level 7 in Axes
  3629 | D:4      | Reached XP level 7. HP: 47/59 MP: 6/6
  3683 | D:4      | Noticed a wyvern
  3688 | D:4      | Killed a wyvern
  3794 | D:4      | Reached skill level 8 in Axes
  3821 | D:4      | Found a radiant altar of Vehumet.
  4087 | D:5      | Entered Level 5 of the Dungeon
  4289 | D:5      | Noticed Edmund
  4295 | D:5      | Killed Edmund
  4296 | D:5      | Reached skill level 9 in Axes
  4308 | D:5      | Reached XP level 8. HP: 66/66 MP: 7/7
  4371 | D:5      | Noticed Ijyb
  4393 | D:5      | Killed Ijyb
  4592 | D:5      | Found a staircase to the Ecumenical Temple.
  4599 | Temple   | Entered the Ecumenical Temple
  4653 | Temple   | Became a worshipper of Warmaster Okawaru
  4930 | D:5      | Found a basalt altar of Yredelemnul.
  5028 | D:5      | Found an opulent altar of Gozag.
  5351 | D:5      | Reached skill level 10 in Axes
  5351 | D:5      | Reached skill level 1 in Throwing
  5416 | D:5      | Gained mutation: You sometimes lose your temper in combat.
                  | [potion of mutation]
  5416 | D:5      | Gained mutation: You have an increased reservoir of magic.
                  | (+10% MP) [potion of mutation]
  5416 | D:5      | Gained mutation: You have a considerably increased
                  | reservoir of magic. (+20% MP) [potion of mutation]
  5417 | D:5      | Lost mutation: You sometimes lose your temper in combat.
                  | [potion of mutation]
  5417 | D:5      | Lost mutation: You have a considerably increased reservoir
                  | of magic. (+20% MP) [potion of mutation]
  5417 | D:5      | Lost mutation: You have an increased reservoir of magic.
                  | (+10% MP) [potion of mutation]
  5417 | D:5      | Gained mutation: You have supernaturally acute eyesight.
                  | (SInv) [potion of mutation]
  5417 | D:5      | Gained mutation: You are dopey. (Int -2) [potion of
                  | mutation]
  5417 | D:5      | Gained mutation: Your flesh is cold resistant. (rC+)
                  | [potion of mutation]
  5456 | D:6      | Reached * piety under Okawaru
  5487 | D:6      | Noticed Menkaure
  5530 | D:6      | Killed Menkaure
  5634 | D:6      | Reached skill level 11 in Axes
  6158 | D:6      | Reached XP level 9. HP: 57/71 MP: 8/8
  6806 | D:6      | Found the amulet of Elemental Vulnerability {rPois rF--
                  | rC-- AC+8}
  7077 | D:7      | Found a large runed translucent door.
  7077 | D:7      | Found a large runed translucent door.
  7093 | D:7      | Found an ancient bone altar of Kikubaaqudgha.
  7099 | D:7      | Reached skill level 12 in Axes
  7105 | D:7      | Found a stormy altar of Qazlal.
  7256 | D:7      | Reached ** piety under Okawaru
  7305 | D:7      | Found a flagged portal.
  7320 | Bailey   | Entered a bailey
  7375 | Bailey   | Noticed an orc warlord
  7609 | Bailey   | Found a runed translucent gate.
  7609 | Bailey   | Found a runed translucent gate.
  7619 | Bailey   | Found a runed translucent gate.
  7636 | Bailey   | Reached skill level 13 in Axes
  7717 | Bailey   | Killed an orc warlord
  7718 | Bailey   | Reached skill level 10 in Armour
  7805 | Bailey   | Acquired 652 gold pieces
  8198 | D:7      | Reached XP level 10. HP: 78/78 MP: 9/9
  8343 | D:7      | Found an ornate altar of the Wu Jian Council.
  8376 | D:7      | Reached skill level 14 in Axes
  9788 | D:7      | Acquired a manual of Armour
  9799 | D:8      | Found Aqing's Book Emporium.
  9890 | D:8      | Reached *** piety under Okawaru
 10023 | D:8      | Reached skill level 15 in Axes
 10041 | D:8      | Noticed an orange crystal statue
 10057 | D:8      | Found a burning altar of Makhleb.
 10649 | D:9      | Identified the +1 scale mail "Bouquo" {rPois Str+2}
 10775 | D:9      | Noticed Amaemon
 10776 | D:9      | Noticed an orange demon
 10783 | D:9      | Killed Amaemon
 10783 | D:9      | Reached **** piety under Okawaru
 10784 | D:9      | Reached skill level 16 in Axes
 10787 | D:9      | Killed an orange demon
 11327 | D:10     | Entered Level 10 of the Dungeon
 11351 | D:10     | Reached XP level 11. HP: 84/84 MP: 10/10
 11385 | D:10     | Noticed a cyan ugly thing
 11405 | D:10     | Killed a cyan ugly thing
 11421 | D:10     | Noticed Joseph
 11434 | D:10     | Killed Joseph
 11561 | D:10     | Reached skill level 17 in Axes
 11643 | D:10     | Reached skill level 1 in Invocations
 11659 | D:10     | Found a glowing silver altar of Zin.
 11659 | D:10     | Found a snail-covered altar of Cheibriados.
 12192 | D:10     | Found a sacrificial altar of Ru.
 12512 | D:11     | Found Ucsiemar's Antique Armour Boutique.
 12525 | D:11     | Bought a glowing cloak for 262 gold pieces
 12634 | D:11     | Reached skill level 18 in Axes
 12645 | D:11     | Reached ***** piety under Okawaru
 12657 | D:11     | Noticed Grum
 12678 | D:11     | Killed Grum
 12725 | D:11     | Found a staircase to the Orcish Mines.
 12833 | D:11     | Found a staircase to the Lair.
 12914 | D:11     | Reached skill level 1 in Evocations
 13426 | Lair:1   | Entered Level 1 of the Lair of Beasts
 13426 | Lair:1   | Noticed an oklob plant
 13444 | Lair:1   | Reached skill level 1 in Long Blades
 13444 | Lair:1   | Reached skill level 1 in Staves
 13451 | Lair:1   | Reached skill level 1 in Polearms
 13451 | Lair:1   | Reached skill level 1 in Ranged Weapons
 13452 | Lair:1   | Reached skill level 1 in Maces & Flails
 13461 | Lair:1   | Reached skill level 1 in Short Blades
 13461 | Lair:1   | Identified the scarf of the Pits of Slime {harm, rElec
                  | Will+ Int-2} (Okawaru gifted it to you on level 1 of the
                  | Lair of Beasts)
 13461 | Lair:1   | Received a gift from Okawaru
 13527 | Lair:1   | Reached skill level 1 in Transmutations
 13605 | Lair:1   | Reached skill level 1 in Earth Magic
 13605 | Lair:1   | Reached skill level 1 in Poison Magic
 13689 | Lair:1   | Reached XP level 12. HP: 78/92 MP: 14/14
 13747 | Lair:1   | Lost mutation: You are dopey. (Int -2) [potion of mutation]
 13747 | Lair:1   | Lost mutation: Your flesh is cold resistant. (rC+) [potion
                  | of mutation]
 13747 | Lair:1   | Gained mutation: Your magical capacity is low. (-10% MP)
                  | [potion of mutation]
 13747 | Lair:1   | Gained mutation: You occasionally lose the ability to read
                  | scrolls when taking damage. [potion of mutation]
 13793 | Lair:1   | Reached skill level 5 in Fighting
 14844 | Lair:2   | Noticed an eight-headed hydra
 14856 | Lair:2   | Killed an eight-headed hydra
 14907 | Lair:2   | Found a staircase to the Shoals.
 15048 | Lair:2   | Reached skill level 5 in Shields
 15628 | Lair:2   | Received a gift from Okawaru
 15703 | Lair:3   | Noticed a five-headed hydra
 15713 | Lair:3   | Killed a five-headed hydra
 15792 | Lair:2   | Received a gift from Okawaru
 15939 | Lair:3   | Found a staircase to the Snake Pit.
 16813 | Lair:4   | Noticed a six-headed hydra
 16875 | Lair:4   | Killed a six-headed hydra
 16875 | Lair:4   | Identified the +6 executioner's axe of Ypnem {flame, Dex+4}
                  | (Okawaru gifted it to you on level 4 of the Lair of Beasts)
 16875 | Lair:4   | Received a gift from Okawaru
 16876 | Lair:4   | Reached XP level 13. HP: 70/111 MP: 13/13
 17079 | Lair:4   | Reached skill level 19 in Axes
 17244 | Lair:4   | Slain by a wyvern

Illustrated notes

Levels and vault maps discovered:
D:1:      spicycebolla_green_bress_n_ham_2, layout_basic
D:2:      layout_loops_cross, st_stairs_10
D:3:      layout_loops_ring, amcnicky_altar_gilded, chequers_big_river,
          solitary_fountain, uniq_grinder
D:4:      layout_basic, mainiacjoe_overflow_surrounded_room,
          minmay_quadrilaterals
D:5:      layout_basic, grunt_gozag_breadcrumbs, yredelemnul_altar_generic,
          temple_statues, uniq_ijyb, uniq_edmund
D:6:      layout_gridville, serial_bayou_pond_e, uniq_menkaure
D:7:      minmay_polygon_palace, layout_gridville, jmf_multi_god_temple2,
          nicolae_wu_jian_wuxing_cycle, enter_bailey_3, nrook_mini_vaults,
          kennysheep_donut
D:8:      layout_rooms, mainiacjoe_overflow_alcove_4, serial_shops,
          nicolae_shop_crystal, disabler_island
D:9:      layout_irregular_city, uniq_amaemon
D:10:     layout_irregular_city, kennysheep_little_box,
          nicolae_overflow_two_pavilions, minivault_23,
          minmay_misc_feat_more_columns, kennysheep_generic_room_2, uniq_joseph
D:11:     layout_loops_ring, lair_entry_dummy, erik_orc_4, serial_shops,
          shop_statue, uniq_grum
Temple:   bh_familiar_temple
Lair:1:   layout_cave_pods, dpeg_stationary_puzzle, grunt_megastairs_2
Lair:2:   layout_gridlike, elwin_shoals_entry_rocks
Lair:3:   layout_cave_shapes, minmay_snake_entry_guardpost_large,
          lemuel_fruit_fields
Lair:4:   layout_small_grid, minmay_slime_entry_oklob_open, special_room
          [special_room_mythical_zoo], columned_hall_lemuel, st_stairs_7,
          grunt_forest_small_clearings

Skill      XL: |  1  2  3  4  5  6  7  8  9 10 11 12 13 |
---------------+----------------------------------------+-----
Fighting       | 4 9 |  9.7
Armour         | 4 5 6 7 8 10 12 14 | 14.0
Shields        | 4 6 |  6.0
Axes           | 3 4 5 6 7 9 11 13 16 18 19 | 19.3
Throwing       | 1 2 |  2.1
Invocations    | 4 |  4.3
Evocations     | 1 2 |  2.0
Long Blades    | 1 |  1.3
Staves         | 1 |  1.3
Polearms       | 1 |  1.3
Ranged Weapons | 1 |  1.3
Maces & Flails | 1 2 |  2.0
Short Blades   | 1 |  1.2
Transmutations | 1 |  1.1
Earth Magic    | 1 |  1.0
Poison Magic   | 1 |  1.0
Conjurations   | |  0.6
Hexes          | |  0.5
Summonings     | |  0.6
Necromancy     | |  0.9
Translocations | |  0.7
Fire Magic     | |  0.7
Ice Magic      | |  0.7
Air Magic      | |  0.8

Action                     |  1- 3 |  4- 6 |  7- 9 | 10-12 | 13-15 || total
---------------------------+-------+-------+-------+-------+-------++-------
  Melee: War axe           |    86 |    99 |   203 |       |       ||   388
         Headbutt          |    15 |    10 |    54 |   115 |     7 ||   201
         Broad axe         |       |       |    25 |   531 |       ||   556
         Flail             |       |       |       |    23 |       ||    23
         Executioner's axe |       |       |       |       |    36 ||    36
  Throw: Dart              |       |       |     9 |     4 |     6 ||    19
 Invoke: Heroism           |       |       |     3 |     7 |       ||    10
  Evoke: Wand              |       |       |     2 |     3 |       ||     5
    Use: Scroll            |     2 |     4 |     7 |    10 |       ||    23
         Potion            |     1 |     2 |     6 |     2 |     1 ||    12
 Armour: Scale mail        |    45 |    41 |    14 |       |       ||   100
         Chain mail        |       |       |    93 |       |       ||    93
         Plate armour      |       |       |     7 |   372 |    62 ||   441
  Dodge: Dodged            |    38 |    34 |    80 |   180 |    27 ||   359
  Block: Buckler           |    19 |    19 |    51 |   130 |       ||   219
